 Dungeon Crawl Stone Soup version 0.24-a0-422-g9eff3895ba (webtiles) character file.

Game seed: 11566476816961740201

47 Nordon the Shield-Bearer (level 3, 21/29 HPs)
             Began as a Demonspawn Fighter on June 12, 2019.
             Quit the game on level 2 of the Dungeon.
             The game lasted 00:01:07 (947 turns).

Nordon the Shield-Bearer (Demonspawn Fighter)        Turns: 947, Time: 00:01:08

Health: 21/29      AC:  8    Str: 16    XL:     3   Next: 48%
Magic:  3/3        EV:  6    Int: 10    God:
Gold:   47         SH:  9    Dex: 12    Spells: 2/2 levels left

rFire    + . .     SeeInvis .   g - +2 whip (elec)
rCold    . . .     Gourm    .   c - +0 shield
rNeg     . . .     Faith    .   b - +0 scale mail
rPois    .         Spirit   .   (no helmet)
rElec    .         Reflect  .   (no cloak)
rCorr    .         Harm     .   i - +0 pair of gloves
MR       .....                  (no boots)
Stlth    ..........             (no amulet)
HPRegen  0.09/turn              (no ring)
MPRegen  0.08/turn              (no ring)

@: no status effects
A: fire resistance 1, flame cloud immunity
a: no special abilities


You were on level 2 of the Dungeon.
You were not hungry.

You visited 1 branch of the dungeon, and saw 2 of its levels.

You collected 47 gold pieces.


Innate Abilities, Weirdness & Mutations

Your flesh is heat resistant. (rF+)
You are immune to clouds of flame.


   Skills:
 - Level 3.0 Fighting
 + Level 2.5 Axes
 + Level 3.2 Armour
 + Level 3.2 Shields


You had 2 spell levels left.
You didn't know any spells.
Your spell library was empty.

Inventory:

Hand Weapons
 a - a +0 war axe
 g - a +2 whip of electrocution (weapon)
Armour
 b - a +0 scale mail (worn)
 c - a +0 shield (worn)
 i - a +0 pair of gloves (worn)
Scrolls
 k - a scroll of teleportation {unknown}
Potions
 d - a potion of might
 e - 2 potions of heal wounds {unknown}
 j - a potion of flight {unknown}
Comestibles
 f - a ration
 h - 9 chunks of flesh

Dungeon Overview and Level Annotations

Branches:
Dungeon (2/15)

Altars:

▒.▒ .▒▒▒▒ .. ....▒ ▒.▒
.... .. ... ▒.▒▒..
▒..▒.▒ ▒.▒.▒ ▒.6.▒ ▒▒..▒
▒..▒ ▒▒▒▒▒▒ ▒.>▒ ....▒
▒▒.▒ ▒... ▒▒▒▒.▒▒▒▒ ▒.
▒▒▒▒▒..▒▒▒.....(.▒ ▒▒▒▒.
.....................▒▒.
▒.......▒▒▒▒▒▒▒▒▒.▒▒.▒▒


There were no monsters in sight!


Message History

You block Terence's attack.
You hit Terence.
Terence is lightly wounded.
Terence barely misses you.
You miss Terence.
Terence is lightly wounded.
You block Terence's attack.
You closely miss Terence.
Terence is lightly wounded.
Terence completely misses you.
You hit Terence.
Terence is lightly wounded.
Terence hits you but does no damage.
You barely miss Terence.
Terence is lightly wounded.
You block Terence's attack.
You hit Terence. Lightning courses through Terence!!
You kill Terence!
You have reached level 3!
Your experience leads to an increase in your attributes!
Increase (S)trength, (I)ntelligence, or (D)exterity?
You feel clever.
Your demonic ancestry asserts itself...
You feel less concerned about heat.
Things that are here:
a +0 hand axe a +0 ring mail the human corpse of Terence Are you sure you want to abandon this character and quit the game? (Confirm with "yes".)

Action                   || total
-------------------------++-------
Melee: Whip              ||    46
       War axe           ||     1
Armor: Scale mail        ||    19
Dodge: Dodged            ||     5
Block: Shield            ||    24

Levels and vault maps discovered:
D:1:      dpeg_arrival_lava_temple_mockup, layout_basic, roderic_lattice_a
D:2:      layout_basic, gammafunk_temple_overflow_claw, minmay_tiny_reverse_x,
          uniq_jessica, uniq_terence

Notes
Turn   | Place    | Note
-------+----------+-------------------------------------------
     0 | D:1      | Nordon the Demonspawn Fighter began the quest for the Orb.
     0 | D:1      | Reached XP level 1. HP: 18/18 MP: 1/1
   290 | D:1      | Reached skill level 2 in Axes
   295 | D:1      | Gained mutation: Your flesh is heat resistant. (rF+)
                  | [demonic ancestry]
   295 | D:1      | Reached XP level 2. HP: 24/24 MP: 2/2
   843 | D:2      | Reached skill level 3 in Armour
   875 | D:2      | Reached skill level 3 in Shields
   935 | D:2      | Noticed Terence
   945 | D:2      | Killed Terence
   945 | D:2      | Gained mutation: You are immune to clouds of flame.
                  | [demonic ancestry]
   945 | D:2      | Reached XP level 3. HP: 21/29 MP: 3/3
   947 | D:2      | Quit the game

Vanquished Creatures
  Terence (D:2)
  A worm (D:2)
  A ball python (D:1)
  2 giant cockroaches
  2 hobgoblins
  4 jackals (D:1)
  A bat (D:2)
  2 goblins
  2 kobolds (D:1)
  3 rats
19 creatures vanquished.
